Map: [ESL] Site Delta

Players

Nice - Winner!

  • Race: Protoss Protoss
  • Spawn Location: 11:00

Has

  • Race: Protoss Protoss
  • Spawn Location: 5:00

Event: ESL SC2 Masters 2024 Spring (Regional)

VOD

Have the link to the VOD?

Description

Time

  • Played on: April 16, 2024, 8:12 a.m.
  • Length: 13:43

All games in this series

Show
View Real Time Build Order
Export as new Build Order

Nice Protoss - Winner!

Build Orders: 1 Gate Expand, Oracle Opening 

Get SALT Encoding   

  12  0:00  Probe  
  13  0:12  Probe  
  14  0:19  Pylon  
  14  0:24  Probe  
  15  0:37  Probe (Chrono Boost)  
  15  0:38  Gateway  
  16  0:48  Assimilator, Probe (Chrono Boost)  
  17  0:53  Probe (Chrono Boost)  
  18  1:03  Probe  
  20  1:22  Nexus  
  19  1:29  Cybernetics Core  
  19  1:31  Probe  
  20  1:38  Assimilator  
  20  1:44  Probe  
  20  1:46  Pylon  
  21  1:56  Probe (Chrono Boost)  
  22  2:04  Adept (Chrono Boost)  
  22  2:07  Probe (Chrono Boost)  
  25  2:12  Probe (Chrono Boost)  
  25  2:14  Pylon  
  26  2:22  Probe  
  27  2:25  Stargate  
  27  2:36  Stalker  
  27  2:37  Probe (Chrono Boost)  
  31  2:39  Probe (Chrono Boost)  
  31  2:45  Warp Gate  
  31  2:47  Probe (Chrono Boost)  
  31  2:49  Probe (Chrono Boost)  
  32  2:53  Probe  
  33  2:59  Probe  
  33  3:05  Probe  
  35  3:08  Oracle (Chrono Boost)  
  35  3:11  Probe  
  39  3:17  Probe  
  40  3:23  Probe  
  40  3:25  Gateway  
  41  3:29  Twilight Council, Probe  
  41  3:32  Gateway  
  42  3:35  Probe  
  43  3:43  Probe  
  43  3:47  Probe  
  45  3:55  Probe  
  46  4:01  Pylon, Blink (Chrono Boost)  
  46  4:10  Nexus  
  46  4:17  Pylon  
  46  4:19  Pylon  
  46  4:20  Assimilator  
  46  4:25  Forge  
  46  4:33  Pylon  
  46  4:35  Probe x2  
  46  4:36  Stalker x3  
  54  4:47  Probe x2, Gateway  
  54  4:49  Gateway  
  54  4:51  Shield Battery  
  54  4:52  Protoss Ground Weapons Level 1 (Chrono Boost)  
  56  5:00  Stalker  
  56  5:02  Stalker  
  60  5:08  Stalker  
  60  5:12  Gateway  
  62  5:23  Probe x2  
  62  5:24  Probe  
  65  5:32  Stalker x3  
  71  5:35  Probe  
  71  5:36  Probe x2  
  71  5:41  Charge (Chrono Boost)  
  74  5:43  Gateway  
  74  5:44  Gateway  
  74  5:49  Stalker  
  76  5:52  Stalker  
  78  5:59  Stalker  
  78  6:03  Shield Battery x2  
  80  6:08  Stalker, Shield Battery  
  80  6:15  Zealot, Stalker  
  84  6:23  Photon Cannon  
  84  6:24  Pylon  
  84  6:34  Pylon, Protoss Ground Weapons Level 2 (Chrono Boost)  
  84  6:35  Pylon  
  84  6:38  Pylon  
  84  6:41  Probe  
  84  6:42  Probe x2  
  84  6:45  Stalker x3  
  93  6:53  Zealot, Probe  
  94  6:55  Probe x2  
  94  7:00  Stalker  
  98  7:01  Stalker  
  98  7:06  Stalker, Probe  
  98  7:07  Zealot  
  103  7:10  Photon Cannon  
  100  7:22  Probe x3  
  101  7:25  Photon Cannon  
  101  7:28  Zealot x3  
  104  7:41  Probe x3  
  104  7:44  Photon Cannon  
  107  7:49  Robotics Facility  
  107  7:52  Zealot x2  
  107  7:53  Probe x2  
  107  7:54  Zealot  
  107  7:56  Zealot  
  117  8:00  Pylon  
  117  8:02  Photon Cannon  
  116  8:12  Photon Cannon  
  115  8:15  Stalker  
  116  8:24  Zealot x4  
  124  8:31  Probe  
  122  8:35  Zealot  
  123  8:44  Nexus  
  125  8:49  Protoss Ground Weapons Level 3 (Chrono Boost)  
  125  8:52  Observer (Chrono Boost)  
  125  8:53  Probe  
  125  8:56  Pylon  
  125  8:58  Pylon, Photon Cannon  
  125  8:59  Pylon  
  125  9:00  Shield Battery  
  125  9:13  Warp Prism (Chrono Boost)  
  125  9:14  Probe x3  
  125  9:16  Stalker  
  132  9:17  Zealot x4  
  132  9:18  Stalker  
  142  9:24  Zealot, Stalker  
  142  9:27  Probe x3  
  149  9:33  Pylon  
  149  9:38  Pylon  
  149  9:41  Pylon  
  149  9:51  Stalker x3  
  149  9:52  Stalker x2  
  157  9:55  Probe x3  
  157  9:57  Zealot  
  162  10:03  Probe  
  163  10:07  Zealot x2  
  163  10:08  Probe  
  168  10:25  Zealot x6  
  170  10:29  Zealot x5  
  170  10:30  Zealot x3, Probe  
  170  10:31  Probe  
  170  10:32  Probe x2  
  146  10:37  Warp Prism (Chrono Boost)  
  133  10:47  Gateway  
  133  10:49  Gateway  
  137  10:50  Assimilator  
  137  10:51  Templar Archives  
  137  10:53  Zealot x5, Protoss Ground Armor Level 1 (Chrono Boost)  
  143  10:58  Zealot  
  143  10:59  Zealot x2  
  149  11:07  Pylon  
  149  11:13  Zealot x4  
  157  11:20  Zealot x3  
  157  11:22  Sentry  
  165  11:26  Pylon  
  165  11:34  Zealot x2, High Templar x2  
  165  11:36  Nexus  
  165  11:38  Archon  
  173  11:43  Zealot x3  
  179  11:52  Photon Cannon  
  179  11:54  Shield Battery  
  175  12:03  Zealot x7  
  153  12:09  Probe  
  153  12:10  Probe x3  
  153  12:15  High Templar x2, Gateway  
  161  12:16  Gateway  
  161  12:18  Pylon  
  161  12:19  Archon  
  161  12:20  Zealot  
  163  12:25  High Templar  
  163  12:26  Zealot x2, High Templar  
  163  12:27  Zealot  
  173  12:31  Archon  
  173  12:35  Zealot x2  
  177  12:40  Observer (Chrono Boost)  
  178  12:53  Zealot x6  
  190  13:04  Zealot x4  
  184  13:10  Zealot x2  
  154  13:14  Zealot x6  
  146  13:26  Zealot x4  
  118  13:35  Zealot x3  
  118  13:36  Zealot x5  
Show
View Real Time Build Order
Export as new Build Order

Has Protoss 

Build Orders:  

Get SALT Encoding   

  12  0:00  Probe  
  13  0:12  Probe  
  14  0:19  Pylon  
  14  0:24  Probe  
  15  0:34  Assimilator  
  15  0:37  Probe (Chrono Boost)  
  15  0:42  Gateway  
  16  0:47  Probe (Chrono Boost)  
  17  0:52  Probe (Chrono Boost)  
  18  0:58  Assimilator  
  18  1:04  Probe (Chrono Boost)  
  18  1:06  Pylon  
  19  1:14  Probe (Chrono Boost)  
  20  1:19  Probe (Chrono Boost)  
  21  1:30  Cybernetics Core  
  21  1:32  Probe  
  22  1:51  Nexus  
  22  1:54  Probe  
  23  2:05  Stalker (Chrono Boost)  
  23  2:06  Probe  
  26  2:08  Warp Gate  
  26  2:18  Probe  
  27  2:26  Gateway  
  27  2:30  Probe  
  27  2:35  Gateway  
  28  2:43  Probe  
  29  2:50  Twilight Council  
  29  2:53  Forge  
  29  2:56  Probe (Chrono Boost)  
  30  3:03  Stalker, Probe (Chrono Boost)  
  33  3:10  Probe (Chrono Boost)  
  35  3:14  Probe (Chrono Boost)  
  35  3:18  Probe (Chrono Boost)  
  35  3:21  Probe (Chrono Boost)  
  35  3:23  Stalker, Probe (Chrono Boost)  
  35  3:24  Protoss Ground Weapons Level 1 (Chrono Boost)  
  39  3:30  Probe  
  39  3:33  Probe  
  41  3:40  Pylon  
  41  3:43  Shield Battery  
  41  3:44  Probe  
  42  3:53  Pylon  
  42  4:01  Blink (Chrono Boost), Stalker, Probe  
  43  4:03  Stalker  
  43  4:05  Probe  
  43  4:09  Pylon  
  46  4:13  Probe  
  46  4:15  Pylon  
  47  4:20  Pylon  
  47  4:26  Stalker x2  
  47  4:28  Probe  
  47  4:29  Probe  
  53  4:31  Robotics Facility  
  53  4:32  Assimilator  
  53  4:42  Pylon  
  53  4:46  Gateway  
  53  4:48  Gateway  
  53  4:50  Probe x2  
  55  5:01  Dark Shrine  
  55  5:03  Stalker  
  55  5:04  Stalker  
  61  5:17  Nexus  
  61  5:19  Pylon  
  59  5:23  Protoss Ground Weapons Level 2 (Chrono Boost)  
  59  5:26  Probe x2  
  59  5:27  Observer (Chrono Boost)  
  61  5:37  Stalker  
  61  5:41  Probe  
  61  5:42  Warp Prism (Chrono Boost)  
  64  5:43  Pylon  
  64  5:47  Stalker x2  
  70  5:52  Assimilator  
  70  5:54  Probe x2  
  72  6:03  Pylon  
  72  6:05  Pylon  
  72  6:12  Stalker x2  
  72  6:14  Probe x2, Nexus  
  72  6:15  Pylon  
  78  6:27  Pylon, Charge  
  78  6:37  Probe x2  
  80  6:41  Dark Templar  
  80  6:42  Dark Templar  
  84  6:49  Probe  
  85  6:54  Shield Battery  
  85  6:55  Shield Battery  
  85  6:56  Probe  
  85  6:57  Shield Battery  
  86  7:01  Probe  
  86  7:08  Probe, Dark Templar x2  
  91  7:13  Probe  
  91  7:20  Probe  
  88  7:25  Probe  
  89  7:32  Probe  
  89  7:35  Stalker x2  
  94  7:38  Probe, Gateway  
  94  7:39  Gateway  
  94  7:41  Dark Templar x2, Gateway  
  97  7:44  Gateway  
  97  7:45  Probe  
  97  7:50  Probe  
  99  8:03  Stalker x2  
  101  8:17  Dark Templar x2  
  101  8:18  Probe x2  
  101  8:19  Protoss Ground Armor Level 1 (Chrono Boost)  
  105  8:20  Assimilator  
  105  8:21  Assimilator  
  105  8:22  Pylon  
  103  8:38  Stalker x4  
  109  8:48  Zealot x2  
  109  8:49  Zealot, Photon Cannon  
  109  8:52  Stalker  
  115  8:57  Photon Cannon, Shield Battery  
  115  8:58  Pylon  
  115  8:59  Observer (Chrono Boost)  
  114  9:06  Pylon  
  114  9:08  Stalker x4  
  123  9:12  Zealot  
  123  9:16  Templar Archives  
  125  9:19  Nexus  
  125  9:23  Pylon, Dark Templar  
  127  9:25  Zealot x2  
  131  9:31  Zealot  
  131  9:32  Zealot x3  
  131  9:36  Zealot  
  141  9:43  Pylon  
  141  9:47  Stalker  
  143  9:53  High Templar  
  143  9:54  High Templar  
  143  9:55  Zealot  
  143  9:58  Pylon  
  143  9:59  Pylon, Photon Cannon  
  148  10:02  Archon, High Templar  
  148  10:03  Zealot x2, High Templar  
  148  10:06  Pylon  
  156  10:11  Archon, Warp Prism (Chrono Boost)  
  143  10:31  Zealot x2  
  143  10:32  Zealot x4  
  119  10:40  Warp Prism (Chrono Boost)  
  119  10:41  Zealot x2  
  111  10:44  Protoss Ground Weapons Level 3 (Chrono Boost)  
  111  10:56  High Templar  
  111  10:57  High Templar x3  
  115  11:01  Archon  
  115  11:02  Archon  
  115  11:03  Immortal (Chrono Boost)  
  119  11:06  Zealot x4  
  131  11:21  Nexus  
  131  11:27  Sentry  
  131  11:29  Zealot, High Templar x2  
  131  11:30  Zealot x2  
  143  11:33  Archon  
  143  11:34  Zealot  
  145  11:41  Immortal (Chrono Boost)  
  149  11:51  High Templar  
  149  11:52  High Templar  
  149  11:54  Zealot x2  
  157  12:00  Archon  
  149  12:03  Zealot x3  
  124  12:18  Immortal (Chrono Boost)  
  124  12:19  High Templar x2  
  132  12:23  Zealot x2, Archon  
  132  12:24  Zealot x3  
  132  12:27  Nexus  
  132  12:28  Pylon  
  142  12:41  Observer (Chrono Boost)  
  142  12:44  High Templar x2  
  145  12:45  Zealot x3  
  145  12:48  Archon  
  152  12:51  Zealot x2  
  112  13:14  Zealot, Dark Templar x4  
  91  13:27  Zealot  
Tags
 
Add a new tag
Caveats
  • Supply blocks, unpowered buildings, or Contaminate may cause inaccurate times.
  • Supply counts are checked every 10 seconds.